 Dungeon Crawl Stone Soup version 0.21.0-24-g2553a33 (webtiles) character file.

13360 vatarom the Summoner (level 12, -13/84 HPs)
             Began as a Tengu Summoner on Jan 21, 2018.
             Was an Elder of Sif Muna.
             Mangled by a spiny frog (15 damage)
             ... on level 1 of the Lair of Beasts.
             The game lasted 00:42:41 (16418 turns).

vatarom the Summoner (Tengu Summoner)              Turns: 16418, Time: 00:42:42

Health: -13/84     AC:  8    Str: 10    XL:     12   Next: 5%
Magic:  7/24       EV: 14    Int: 16    God:    Sif Muna [****..]
Gold:   687        SH:  4    Dex: 18    Spells: 12/26 levels left

rFire    . . .     SeeInvis .   o - +0 glaive
rCold    . . .     Gourm    .   (shield currently unavailable)
rNeg     + . .     Faith    .   C - +2 leather armour {rN+}
rPois    +         Spirit   .   (helmet restricted)
rElec    .         Reflect  +   e - scarf {repulsion}
rCorr    .         Harm     .   i - +0 pair of gloves
MR       .....     Clarity  +   (boots unavailable)
Stlth    ++........             j - +4 amulet of reflection
HPRegen  0.24/turn              s - +4 ring of dexterity
MPRegen  0.19/turn              (no ring)

@: repel missiles
A: antennae 2, beak, talons 3, molten scales 1, clarity, clumsy 1, dopey 1,
poison resistance, robust 1, evolution 1, able to fly 1
a: Fly, Divine Energy, Channel Magic, Forget Spell, Renounce Religion


You were on level 1 of the Lair of Beasts.
You worshipped Sif Muna.
Sif Muna was greatly pleased with you.
You were not hungry.

You visited 3 branches of the dungeon, and saw 15 of its levels.
You also visited: Ossuary.

You collected 841 gold pieces.
You spent 154 gold pieces at shops.

Inventory:

Hand Weapons
 o - a +0 glaive (weapon)
Armour
 e - a scarf of repulsion (worn)
 i - a +0 pair of gloves (worn)
 C - a +2 leather armour of positive energy (worn)
Jewellery
 b - an uncursed ring of ice {unknown}
 j - a +4 amulet of reflection (around neck)
 p - a +5 ring of dexterity
 s - a +4 ring of dexterity (left hand)
Wands
 a - a wand of polymorph (14)
 r - a wand of clouds (5)
 v - a wand of iceblast (3)
 A - a wand of random effects (14)
 E - a wand of digging (10)
 F - a wand of acid (2)
 G - a wand of flame (64)
Scrolls
 f - 7 scrolls of remove curse
 g - 2 scrolls of amnesia
 l - 2 scrolls of magic mapping
 t - 4 scrolls of immolation
 x - 5 scrolls of enchant weapon
 y - a scroll of teleportation
 B - 3 scrolls of enchant armour
 D - a scroll of fog
Potions
 d - 2 potions of cancellation
 h - 2 potions of agility
 k - 8 potions of curing
 m - a potion of ambrosia
 n - 3 potions of brilliance
 q - 2 potions of haste
 u - a potion of berserk rage
 z - a potion of flight
 H - a potion of might {unknown}
Comestibles
 c - 4 rations


   Skills:
 - Level 10.1 Fighting
 - Level 7.8 Polearms
 + Level 3.6 Armour
 + Level 4.3 Dodging
 - Level 2.0 Stealth
 + Level 7.8 Spellcasting
 + Level 11.2 Summonings
 + Level 7.3 Air Magic
 * Level 2.6 Invocations


You had 12 spell levels left.
You knew the following spells:

 Your Spells              Type           Power        Failure   Level  Hunger
a - Summon Small Mammal   Summ           ####         1%          1    None
b - Call Imp              Summ           #####...     1%          2    None
c - Call Canine Familiar  Summ           #####...     1%          3    ##.....
d - Summon Lightning Spi  Summ/Air       #####...     3%          4    ####...
e - Summon Ice Beast      Ice/Summ       ###.....     14%         4    ####...


Dungeon Overview and Level Annotations

Branches:
Dungeon (13/15)            Temple (1/1) D:6            Lair (1/6) D:11
    Orc (0/2) D:12
 Vaults: D:13-14

Altars:
Ashenzari
Cheibriados
Dithmenos
Elyvilon
Fedhas
Gozag
Hepliaklqana
Kikubaaqudgha
Makhleb
Nemelex Xobeh
Okawaru
Qazlal
Ru
Sif Muna
Trog
Uskayaw
Vehumet
Wu Jian
Xom
Yredelemnul
Zin
The Shining One

Shops:
D:6 !   D:10 }

Annotations:
D:5 Duvessa


Innate Abilities, Weirdness & Mutations

You have a beak for a mouth.
You have claws for feet.
You can fly.
You have a pair of antennae on your head.
You are partially covered in molten scales. (AC +2)
You possess an exceptional clarity of mind.
You are clumsy. (Dex -2)
You are dopey. (Int -2)
Your system is resistant to poisons. (rPois)
You are robust. (+10% HP)
You evolve.


Message History

The spiny frog is severely wounded.
The iceblast engulfs you!
* * * LOW HITPOINT WARNING * * *
The spiny frog stings you!!
* * * LOW HITPOINT WARNING * * *
Unknown command.
Okay, then.
Firing (i - inventory): No suitable missiles.
Press: ? - help, Shift-Dir - straight line, f/p - spiny frog
Aim: a spiny frog (severely wounded)
Okay, then.
Okay, then.
You feel better. The spiny frog stings you!
* * * LOW HITPOINT WARNING * * *
You feel better. The spiny frog stings you!
* * * LOW HITPOINT WARNING * * *
Something closely misses your ice beast.
Your ice beast barely misses the spiny frog.
The spiny frog stings you!
You die...

#...#..#.###
#..........#
##.<#.†....#
#..+......#.
#..#...!....
#.Y#......#.
#Y.#........
##..#......#.
#...#@.....#
##{{#F######
#..Yl.......
#...........
#.##.##.####.
## ### ##


You could see a komodo dragon, a spiny frog and a friendly ice beast.

Vanquished Creatures
  A two-headed ogre (D:10)
  An ugly thing (D:12)
  2 cyclopes
  An elephant (D:11)
  A spiny frog (Lair:1)
  A troll (D:12)
  A tengu conjurer (D:13)
  A hippogriff (D:11)
  2 wraiths
  7 yaks
  A basilisk (D:11)
  3 hogs (D:7)
  A hungry ghost (D:8)
  Menkaure (D:5)
  An orc warrior (D:7)
  A black bear (D:12)
  A sky beast (D:11)
  An ice beast (D:8)
  An ogre (D:9)
  2 phantoms
  A necrophage (D:7)
  2 centaurs
  A crocodile (D:12)
  An elf zombie (D:6)
  6 bullfrogs
  2 elf skeletons (D:6)
  2 scorpions
  A jelly (D:10)
  2 killer bees (D:8)
  2 howler monkeys
  A vampire bat (D:3)
  A crimson imp (D:7)
  2 quasits
  4 hounds
  A bullfrog zombie (D:6)
  3 orc priests
  4 orc wizards
  A bullfrog skeleton (D:7)
  An iguana (D:11)
  A human skeleton (D:6)
  2 worker ants
  A hound skeleton (D:9)
  A mummy (Ossuary)
  A howler monkey skeleton (D:4)
  5 adders
  A worm (D:5)
  A dart slug (D:3)
  3 leopard geckos
  9 orcs
  3 giant cockroaches
  6 goblins
  5 hobgoblins
  7 jackals
  10 kobolds
  2 quokkas
  12 bats
  2 frilled lizards (D:5)
  2 gnoll skeletons (Ossuary)
  2 kobold skeletons (Ossuary)
  A leopard gecko zombie (D:5)
  6 orc skeletons
  An orc zombie (D:6)
  A quokka skeleton (D:8)
  11 rats
165 creatures vanquished.

Vanquished Creatures (collateral kills)
  Snorg (D:11)
  Josephine (D:10)
  Erolcha (D:11)
  3 two-headed ogres
  The ghost of xight the Thaumaturge, a journeyman DEFE of Vehumet (D:11)
  An unseen horror (D:10)
  Pikel (D:8)
  Maurice (D:8)
  Joseph (D:9)
  A troll (D:12)
  A hippogriff (D:12)
  16 yaks
  4 wraiths (D:10)
  A human (D:7)
  A wyvern (D:9)
  A hog (D:7)
  A basilisk (D:11)
  A water moccasin (D:8)
  2 slaves (D:8)
  2 orc warriors
  4 ice beasts
  An eye of draining (D:9)
  A necrophage (D:4)
  5 ogres
  A centaur (D:7)
  A crocodile (D:11)
  2 big kobolds
  4 bullfrogs
  Dowan (D:5)
  3 scorpions
  3 killer bees (D:8)
  8 wights
  2 vampire bats (D:3)
  4 howler monkeys
  A crimson imp (D:11)
  A bullfrog skeleton (D:12)
  2 jellies
  9 orc wizards
  A centaur skeleton (D:7)
  10 orc priests
  2 iguanas
  2 worker ants
  8 gnolls
  2 adders
  2 worms
  A leopard gecko (D:3)
  42 orcs
  2 giant cockroaches
  4 hobgoblins
  5 jackals
  6 kobolds
  A ball python (D:4)
  6 bats
  5 gnoll skeletons (Ossuary)
  4 goblins (D:11)
  5 kobold skeletons (Ossuary)
  6 orc skeletons (Ossuary)
  2 rats (D:3)
211 creatures vanquished.

Vanquished Creatures (others)
  A slave (D:8)
  A jackal skeleton (D:8)
  A fungus (Lair:1)
3 creatures vanquished.

Grand Total: 379 creatures vanquished

Notes
Turn   | Place    | Note
-------+----------+-------------------------------------------
     0 | D:1      | vatarom the Tengu Summoner began the quest for the Orb.
     0 | D:1      | Reached XP level 1. HP: 10/10 MP: 4/4
   222 | D:1      | Reached skill level 5 in Summonings
   235 | D:1      | Reached XP level 2. HP: 16/16 MP: 6/6
   255 | D:1      | Learned a level 2 spell: Call Imp
   296 | D:1      | Reached skill level 1 in Fighting
   853 | D:2      | Reached XP level 3. HP: 16/20 MP: 3/7
  1118 | D:2      | Gained mutation: You are dopey. (Int -2) [potion of mutation]
  1118 | D:2      | Gained mutation: You evolve. [potion of mutation]
  1118 | D:2      | Gained mutation: Your system is resistant to poisons. (rPois) [potion of mutation]
  1186 | D:2      | Learned a level 3 spell: Call Canine Familiar
  1203 | D:2      | Reached XP level 4. HP: 24/26 MP: 4/8
  1679 | D:3      | Reached skill level 6 in Summonings
  1679 | D:3      | Gained mutation: You can fly. [Tengu growth]
  1679 | D:3      | Reached XP level 5. HP: 30/31 MP: 5/10
  2497 | D:4      | Reached skill level 1 in Polearms
  2497 | D:4      | Reached XP level 6. HP: 36/37 MP: 2/11
  2546 | D:4      | Got an opal-encrusted scale mail
  3541 | D:4      | Learned a level 4 spell: Summon Lightning Spire
  3552 | D:4      | Identified the +4 scale mail of Bitterness {Int+4} (You found it on level 4 of the Dungeon)
  3641 | D:5      | Entered Level 5 of the Dungeon
  3761 | D:5      | Noticed a necrophage
  3794 | D:5      | Gained mutation: You are clumsy. (Dex -2) [evolution]
  3809 | D:4      | Killed a necrophage
  3809 | D:4      | Reached skill level 1 in Air Magic
  3809 | D:4      | Reached XP level 7. HP: 29/42 MP: 2/13
  4622 | D:5      | Reached skill level 7 in Summonings
  4685 | D:5      | Noticed Menkaure
  4691 | D:5      | Killed Menkaure
  5003 | D:5      | Noticed Dowan
  5024 | D:5      | Killed Dowan
  5108 | D:5      | Noticed Duvessa
  5456 | D:6      | Reached XP level 8. HP: 24/48 MP: 10/15
  5494 | D:6      | Learned a level 4 spell: Summon Ice Beast
  5707 | D:6      | Found a sand-covered staircase.
  5720 | Ossuary  | Entered an ossuary
  5720 | Ossuary  | Noticed a wraith
  5720 | Ossuary  | Noticed a wraith
  5720 | Ossuary  | Noticed a wraith
  5973 | Ossuary  | Noticed a wraith
  5996 | Ossuary  | Killed a wraith
  5996 | Ossuary  | Reached skill level 5 in Fighting
  6272 | D:6      | Found a staircase to the Ecumenical Temple.
  6281 | Temple   | Entered the Ecumenical Temple
  6388 | Temple   | Became a worshipper of Sif Muna the Loreminder
  6457 | D:6      | Found Emmihyew's Distillery.
  6614 | D:6      | Bought a potion of heal wounds for 70 gold pieces
  6614 | D:6      | Bought a potion of curing for 42 gold pieces
  6614 | D:6      | Bought a potion of curing for 42 gold pieces
  7720 | D:7      | Found a bloodstained altar of Trog.
  7743 | D:7      | Reached skill level 8 in Summonings
  7756 | D:7      | Reached XP level 9. HP: 26/55 MP: 10/17
  7842 | D:7      | Reached * piety under Sif Muna
  7998 | D:7      | Reached skill level 5 in Spellcasting
  8068 | D:7      | Reached skill level 5 in Polearms
  9079 | D:6      | Gained mutation: You are partially covered in molten scales. (AC +2) [evolution]
  9581 | D:8      | Reached skill level 9 in Summonings
  9702 | D:8      | Reached XP level 10. HP: 61/64 MP: 5/19
  9838 | D:8      | Gained mutation: You possess an exceptional clarity of mind. [evolution]
  9847 | D:8      | Noticed Maurice
  9862 | D:8      | Killed Maurice
  9862 | D:8      | Reached ** piety under Sif Muna
 10138 | D:8      | Noticed Pikel
 10146 | D:8      | Killed Pikel
 10270 | D:8      | Noticed a two-headed ogre
 10308 | D:8      | Killed a two-headed ogre
 10604 | D:8      | Gained mutation: You have a pair of small antennae on your head. [evolution]
 10949 | D:9      | Noticed Joseph
 10961 | D:9      | Killed Joseph
 11281 | D:9      | Got a crude chain mail
 11449 | D:9      | Reached skill level 10 in Summonings
 11974 | D:10     | Entered Level 10 of the Dungeon
 12234 | D:10     | Gained mutation: You have a pair of antennae on your head. [evolution]
 12336 | D:10     | Found Qeobri Qocoa's Gadget Shop.
 12703 | D:10     | Killed an unseen horror
 12703 | D:10     | Reached skill level 5 in Air Magic
 12703 | D:10     | Reached XP level 11. HP: 25/72 MP: 19/22
 13163 | D:10     | Noticed Josephine
 13178 | D:10     | Reached skill level 10 in Fighting
 13189 | D:10     | Killed Josephine
 13286 | D:10     | Noticed a two-headed ogre
 13304 | D:10     | Killed a two-headed ogre
 13304 | D:10     | Reached *** piety under Sif Muna
 13525 | D:11     | Noticed Snorg
 13952 | D:11     | Reached skill level 1 in Armour
 14082 | D:11     | Noticed a cyclops
 14086 | D:11     | Killed a cyclops
 14319 | D:11     | Noticed Erolcha
 14320 | D:11     | Paralysed by Erolcha for 6 turns
 14347 | D:11     | Noticed xight's ghost (journeyman DEFE)
 14378 | D:11     | Found a staircase to the Lair.
 14394 | D:11     | Killed xight's ghost
 14497 | D:11     | Gained mutation: You are robust. (+10% HP) [evolution]
 14887 | D:11     | Killed Snorg
 14979 | D:11     | Noticed a two-headed ogre
 15004 | D:11     | Killed a two-headed ogre
 15299 | D:11     | Paralysed by Erolcha for 6 turns
 15304 | D:11     | Killed Erolcha
 15304 | D:11     | Reached skill level 11 in Summonings
 15454 | D:12     | Got an iridescent mace
 15455 | D:12     | Identified the +7 mace of a labyrinth {crush, rPois rC+ Int+4} (You found it on level 12 of the Dungeon)
 15474 | D:12     | Noticed a red ugly thing
 15483 | D:12     | Reached skill level 1 in Invocations
 15485 | D:12     | Killed a red ugly thing
 15596 | D:12     | Found a staircase to the Orcish Mines.
 15596 | D:12     | Noticed a cyclops
 15789 | D:12     | Killed a cyclops
 15877 | D:12     | Noticed a two-headed ogre
 15910 | D:12     | Killed a two-headed ogre
 15965 | D:12     | Found a shadowy altar of Dithmenos.
 16032 | D:12     | Reached **** piety under Sif Muna
 16232 | D:13     | Reached XP level 12. HP: 68/84 MP: 18/24
 16381 | Lair:1   | Entered Level 1 of the Lair of Beasts
 16416 | Lair:1   | HP: 2/84 [spiny frog (20)]
 16418 | Lair:1   | Mangled by a spiny frog

Skill      XL: |  1  2  3  4  5  6  7  8  9 10 11 |
---------------+----------------------------------+-----
Summonings     | 5 6 7 8 9 10 11 | 11.2
Fighting       | 1 2 3 4 6 8 9 10 | 10.1
Polearms       | 1 2 3 4 6 7 |  7.8
Spellcasting   | 3 4 5 6 7 |  7.8
Air Magic      | 1 3 5 7 |  7.3
Armour         | 3 |  3.6
Dodging        | 4 |  4.3
Invocations    | 2 |  2.6
Stealth        | |  2.0

Action                   |  1- 3 |  4- 6 |  7- 9 | 10-12 || total
-------------------------+-------+-------+-------+-------++-------
Melee: Short sword       |    78 |    51 |       |       ||   129
       Kick              |    11 |    28 |    65 |    54 ||   158
       Peck              |     5 |    15 |    47 |    33 ||   100
       Spear             |       |    85 |   290 |   215 ||   590
       Glaive            |       |       |       |    40 ||    40
       Mace              |       |       |       |     8 ||     8
 Cast: Summon Small Mamm |     7 |       |       |       ||     7
       Call Imp          |    10 |    17 |    16 |       ||    43
       Call Canine Famil |     1 |    22 |    24 |    14 ||    61
       Summon Lightning  |       |     1 |    34 |    77 ||   112
       Summon Ice Beast  |       |       |     9 |    34 ||    43
Evoke: Wand              |       |       |     2 |    27 ||    29
  Use: Scroll            |     4 |     6 |    11 |     5 ||    26
       Potion            |     3 |     1 |     3 |     4 ||    11
 Stab: Sleeping          |     6 |     4 |     2 |     7 ||    19
       Distracted        |     1 |     1 |     7 |     5 ||    14
  Eat: Chunk             |     2 |     5 |     8 |    13 ||    28
       Ration            |       |     2 |     7 |     9 ||    18
Armor: Robe              |    11 |    27 |    40 |     2 ||    80
       Skin              |    36 |       |       |       ||    36
       Leather armour    |       |       |       |    63 ||    63
Dodge: Dodged            |    49 |   102 |   100 |   112 ||   363
       Deflected         |       |     1 |    15 |     2 ||    18
Block: Other             |       |     5 |    37 |    29 ||    71
       Reflection        |       |       |     3 |     1 ||     4
